 Dungeon Crawl Stone Soup version 0.32-a0-543-gefe97123c3 (webtiles) character file.

Game seed: 17474670788019363838

124 GordonOverkill the Sneak (level 4, -3/28 HPs)
             Began as a Deep Elf Delver on Feb 29, 2024.
             Slain by Terence
             ... wielding a +0 short sword of venom
              (5 damage)
             ... on level 2 of the Dungeon.
             The game lasted 00:07:56 (1900 turns).

GordonOverkill the Sneak (Deep Elf Delver)          Turns: 1900, Time: 00:07:57

Health: -3/28      AC:  5    Str:  6 (9)  XL:     4   Next: 81%
Magic:  10/10      EV: 12    Int: 15 (17) God:
Gold:   180        SH:  0    Dex: 18 (20) Spells: 6/9 levels left

rFire   . . .        l - +2 whip "Elehar" {drain, Dex+4}
rCold   . . .        (no shield)
rNeg    . . .        b - +0 leather armour
rPois   .            (no helmet)
rElec   .            p - +0 cloak
rCorr   .            n - +0 pair of gloves
SInv    .            (no boots)
Will    .....        (no amulet)
Stlth   +++          (no ring)
HPRegen 0.24/turn    (no ring)
MPRegen 0.12/turn

%: no passive effects
@: lethally poisoned (-3 -> -23), attractive
A: no striking features
a: no special abilities


You were on level 2 of the Dungeon.
You visited 1 branch of the dungeon, and saw 6 of its levels.

You collected 180 gold pieces.

Inventory:

Hand Weapons
 a - a +0 spear
 l - the +2 whip "Elehar" (weapon) {drain, Dex+4}
   (You found it on level 4 of the Dungeon)

   Dex+4:     It affects your dexterity (+4).
Missiles
 h - 15 boomerangs (quivered)
Armour
 b - a +0 leather armour (worn)
 n - a +0 pair of gloves (worn)
 p - a +0 cloak (worn)
Magical Staves
 e - a staff of conjuration
Wands
 g - a wand of digging (1)
 k - a wand of polymorph (10)
Scrolls
 c - a scroll of fog
 d - 2 scrolls of noise {unknown}
 i - a scroll of vulnerability {unknown}
 j - a scroll of immolation {unknown}
 o - 3 scrolls of identify {unknown}
 r - a scroll of revelation
 s - a scroll of amnesia {unknown}


   Skills:
 - Level 3.0 Fighting
 - Level 2.0 Maces & Flails
 - Level 1.3 Polearms
 - Level 1.0 Throwing
 - Level 2.4 Dodging
 - Level 6.0 Stealth
 - Level 3.0 Spellcasting
 + Level 0.9 Ice Magic


You had 6 spell levels left.
You knew the following spells:

 Your Spells              Type           Power      Damage    Failure   Level
a - Frozen Ramparts       Ice            8%         1d2       54%         3

Your spell library contained the following spells:

 Spells                   Type           Power      Damage    Failure   Level
 Leda's Liquefaction      Alch/Erth      1%         N/A       97%         4
 Petrify                  Alch/Erth      2%         N/A       97%         4
 Metabolic Englaciation   Hex/Ice        1%         N/A       100%        5


Dungeon Overview and Level Annotations

Branches:
Dungeon (6/15)
 Temple: D:4-7

Altars:
Ru

Annotations:
D:2 Terence
D:5 Edmund


Message History

The adder is almost dead.
The adder bites you but does no damage.
You miss the adder.
The adder is almost dead.
The adder bites you but does no damage.
You hit the adder.
You kill the adder!
You start waiting.
Done waiting.
You start waiting.
Done waiting.
There is a stone staircase leading down here.
You climb downwards.
Level annotation: Terence Terence hits you with a +0 short sword of venom.
There is a stone staircase leading up here.
It was a potion of curing.
You feel better.
Terence hits you with a +0 short sword of venom.
You are poisoned.
It was a potion of attraction.
You feel attractive to monsters.
You feel very sick.
Terence hits you with a +0 short sword of venom.
* * * LOW HITPOINT WARNING * * *
You are lethally poisoned!
It was a potion of degeneration.
There was something very wrong with that liquid.
You feel weakened.
You feel dopey.
You feel clumsy.
* * * LOW HITPOINT WARNING * * *
You feel very sick.
Terence hits you with a +0 short sword of venom.
* * * LOW HITPOINT WARNING * * *
You are more poisoned.
You aren't carrying any potions.
You hit Terence but do no damage.
* * * LOW HITPOINT WARNING * * *
You feel very sick.
Terence hits you with a +0 short sword of venom.
You die...
Terence says, "Time to find some more victims."

##............##
#..............#
#..............#
#..............# #######
#..............# ......##
#..............#
#####..###
##........)...## ##...##
########..........##
###..###>.@@....###.######
#.......######## #.#
####....)# #.. #######@##
##.# #......รท.# .#
#.S......# .#
#<.......##### (.#
#.S......$...######.. .
#.......g...........#


You could see Terence.

Vanquished Creatures
  An orc wizard (D:3)
  3 adders
  A white imp (D:4)
  A dart slug (D:1)
  A ribbon worm (D:2)
  5 orcs (D:3)
  5 ball pythons
  5 bats
  6 endoplasms
  5 giant cockroaches
  3 hobgoblins
  5 quokkas
  3 goblins
  5 kobolds
  2 rats (D:1)
51 creatures vanquished.

Vanquished Creatures (others)
  A hobgoblin (D:2)
1 creature vanquished.

Grand Total: 52 creatures vanquished

Notes
Turn   | Place    | Note
-------+----------+-------------------------------------------
     0 | D:5      | GordonOverkill the Deep Elf Delver began the quest for the
                  | Orb.
     0 | D:5      | Reached XP level 1. HP: 13/13 MP: 3/3
     1 | D:6      | Noticed a water moccasin
     5 | D:5      | Noticed a black bear
    44 | D:5      | Noticed Edmund
    78 | D:5      | Noticed a black bear
   180 | D:5      | Noticed a scorpion
   241 | D:5      | Noticed a scorpion
   266 | D:5      | Noticed an orc wizard
   266 | D:5      | Noticed a scorpion
   267 | D:5      | Noticed an orc wizard
   267 | D:5      | Noticed an orc wizard
   283 | D:4      | Found a sacrificial altar of Ru.
   468 | D:4      | Noticed a sleepcap
   643 | D:4      | Identified the +2 whip "Elehar" {drain, Dex+4}
   658 | D:4      | Reached skill level 1 in Throwing
   658 | D:4      | Reached XP level 2. HP: 18/18 MP: 4/4
   772 | D:3      | Reached skill level 1 in Maces & Flails
   772 | D:3      | Reached XP level 3. HP: 23/23 MP: 5/5
   979 | D:2      | Reached XP level 4. HP: 28/28 MP: 5/7
  1027 | D:2      | Reached skill level 1 in Spellcasting
  1052 | D:2      | Noticed Terence
  1614 | D:1      | Learned a level 3 spell: Frozen Ramparts
  1900 | D:2      | Slain by Terence

Illustrated notes

Levels and vault maps discovered:
D:1:      wander_arrival_abandoned_jail, layout_rooms
D:2:      kennysheep_six_static_rooms, layout_rooms, minmay_vboxes,
          uniq_crazy_yiuf_cottage, uniq_terence
D:3:      layout_rooms, grunt_temple_overflow_open,
          hellmonk_ecumenical_altar_run_dry, bh_walls_and_bars
D:4:      layout_gridville, nicolae_yredelemnul_corpse_copse,
          nicolae_ru_awakened_eye, sigmund_army
D:5:      layout_gridville, chequers_temple_overflow_statue_of_worship,
          gup_sewer_entry_spiral, uniq_edmund
D:6:      layout_loops_ring, minmay_temple_entry_glass, serial_shops, shop,
          nicolae_alphabet_shops, uniq_blork_the_orc

Skill      XL: |  1  2  3  4 |
---------------+-------------+-----
Throwing       | 1 |  1.0
Fighting       | 3 |  3.0
Maces & Flails | 1 2 |  2.0
Spellcasting   | 3 |  3.0
Polearms       | |  1.3
Dodging        | |  2.4
Stealth        | |  6.0
Ice Magic      | |  0.9

Action                     |  1- 3 |  4- 6 || total
---------------------------+-------+-------++-------
  Melee: Spear             |     7 |       ||     7
         Whip              |    69 |   102 ||   171
  Throw: Boomerang         |       |     7 ||     7
  Evoke: Wand              |     2 |       ||     2
    Use: Scroll            |     2 |       ||     2
         Potion            |     2 |     3 ||     5
   Stab: Sleeping          |     2 |     2 ||     4
         Distracted        |       |     1 ||     1
 Armour: Leather armour    |    53 |    83 ||   136
  Dodge: Dodged            |    49 |    98 ||   147

Table legend: (Time is in decaauts)
 A = Elapsed time spent in this place.
 B = Non-inter-level travel time spent in this place.
 C = Inter-level travel time spent in this place.
 D = Time resting spent in this place.
 E = Time spent auto-exploring this place.
 F = Levels seen in this place.
 G = Mean time per level.
                   A        B        C        D        E       F      G
               +--------+--------+--------+--------+--------+-----+--------+
         Total |   1888 |   1866 |     22 |    561 |    344 |   6 |  314.7 |
       Dungeon |   1888 |   1866 |     22 |    561 |    344 |   6 |  314.7 |
               +--------+--------+--------+--------+--------+-----+--------+

Top non-repeatable levels by time:
     D:1: 770 daAuts
     D:4: 430 daAuts
     D:5: 254 daAuts
     D:3: 220 daAuts
     D:2: 211 daAuts
     D:6: 1 daAuts
